 Dungeon Crawl Stone Soup version 0.21-a0-442-g848f44b (webtiles) character file.

37 tof the Twirler (level 3, -2/28 HPs)
             Began as a Demonspawn Gladiator on Nov 13, 2017.
             Slain by a gnoll
             ... wielding a +0 spear
              (5 damage)
             ... on level 2 of the Dungeon.
             The game lasted 00:01:08 (1041 turns).

tof the Twirler (Demonspawn Gladiator)              Turns: 1041, Time: 00:01:09

Health: -2/28      AC:  5    Str: 14    XL:     3   Next: 23%
Magic:  3/3        EV: 13    Int:  9    God:
Gold:   63         SH:  0    Dex: 15    Spells: 2/2 levels left

rFire    . . .     SeeInvis .   a - +0 quarterstaff
rCold    . . .     Gourm    .   (shield currently unavailable)
rNeg     . . .     Faith    .   b - +0 leather armour
rPois    .         Spirit   .   (helmet restricted)
rElec    .         Reflect  .   (no cloak)
rCorr    .         Harm     .   (no gloves)
MR       .....                  (no boots)
Stlth    +.........             (no amulet)
HPRegen  0.09/turn              (no ring)
MPRegen  0.08/turn              (no ring)

@: no status effects
A: antennae 1, iridescent scales 1
a: no special abilities


You were on level 2 of the Dungeon.
You were not hungry.

You visited 1 branch of the dungeon, and saw 2 of its levels.

You collected 63 gold pieces.

Inventory:

Hand Weapons
 a - a +0 quarterstaff (weapon)
Missiles
 d - 4 throwing nets (quivered)
Armour
 b - a +0 leather armour (worn)
 c - a +0 helmet
Jewellery
 i - an uncursed ring of protection from cold {unknown}
Scrolls
 e - a scroll of fog {unknown}
 g - a scroll of identify {unknown}
 j - a scroll of recharging {unknown}
Potions
 h - a potion of invisibility {unknown}
 k - a potion of mutation {unknown}
Comestibles
 f - a bread ration
 l - a chunk of flesh


   Skills:
 + Level 2.3 Fighting
 * Level 3.2 Staves
 - Level 1.7 Throwing
 + Level 1.0 Armour
 + Level 3.0 Dodging


You had 2 spell levels left.
You didn't know any spells.

Dungeon Overview and Level Annotations

Branches:
Dungeon (2/15)

Altars:


Innate Abilities, Weirdness & Mutations

You have a pair of small antennae on your head.
You are partially covered in iridescent scales. (AC +2)


Message History

The gnoll throws a stone.
The stone barely misses you.
The gnoll throws a stone.
The stone hits you.
* * * LOW HITPOINT WARNING * * *
You see here a stone.
The gnoll shouts!
Found 14 poisoned needles.
The gnoll closely misses you.
An adder comes into view.
The gnoll barely misses you.
The adder hisses angrily.
The gnoll hits you with a club.
* * * LOW HITPOINT WARNING * * *
The gnoll closely misses you. The gnoll closely misses you.
The gnoll hits you but does no damage. The adder bites you but does no damage.
The adder bites you.
* * * LOW HITPOINT WARNING * * *
There is a stone staircase leading up here.
The gnoll hits you from afar with a spear.
You die...

#####...# #.......#
#.......#####
####.........#...
.........%.......
####.......#.####
##..........# ##..
###.............#..
#....@g....###..#.#
#..#...Sg...# #...###
..
#.......######....##
#.####.)..g.........
... #..........g...##
##...................#
##..##...............
... ..............(..
.. ...............(..


You could see 3 gnolls and an adder.

Vanquished Creatures
  A worker ant zombie (D:2)
  A gnoll (D:1)
  A dart slug (D:1)
  A giant cockroach (D:2)
  A goblin (D:1)
  3 hobgoblins
  A ball python (D:2)
  2 bats (D:2)
  A frilled lizard (D:1)
  A kobold (D:1)
  2 rats (D:1)
15 creatures vanquished.

Notes
Turn   | Place    | Note
-------+----------+-------------------------------------------
     0 | D:1      | tof the Demonspawn Gladiator began the quest for the Orb.
     0 | D:1      | Reached XP level 1. HP: 16/16 MP: 1/1
   530 | D:1      | Gained mutation: You have a pair of small antennae on your head. [demonic ancestry]
   530 | D:1      | Reached XP level 2. HP: 22/22 MP: 2/2
  1013 | D:2      | Reached skill level 1 in Armour
  1013 | D:2      | Gained mutation: You are partially covered in iridescent scales. (AC +2) [demonic ancestry]
  1013 | D:2      | Reached XP level 3. HP: 10/28 MP: 3/3
  1041 | D:2      | Slain by a gnoll

Vault maps used:
D:1:      dpeg_arrival_connections
D:2:      first_bread, minmay_crystal_room

Skill      XL: |  1  2 |
---------------+-------+-----
Staves         | 3 |  3.2
Armour         | 1 |  1.0
Dodging        | 3 |  3.0
Fighting       | |  2.3
Throwing       | |  1.7

Action                   || total
-------------------------++-------
Melee: Quarterstaff      ||    39
 Stab: Sleeping          ||     1
Armor: Leather armour    ||    11
Dodge: Dodged            ||    30

Table legend:
 A = Spawn XP
 B = Non-spawn XP
 C = Spawn XP percentage of total XP
 D = Spawn monster count
 E = Non-spawn monster count
 F = Spawn count percentage of total count
 G = Total turns spent on level
                    A         B        C        D         E        F      G
               +---------+---------+-------+---------+---------+-------+---------
         Total |       0 |      54 |   0.0 |       0 |      15 |   0.0 |  1041
               +---------+---------+-------+---------+---------+-------+---------
           D:1 |       0 |      28 |   0.0 |       0 |       9 |   0.0 |   944
           D:2 |       0 |      26 |   0.0 |       0 |       6 |   0.0 |    97
               +---------+---------+-------+---------+---------+-------+---------
